 Dungeon Crawl Stone Soup version 0.30-b1-2-g02819fbbbe (webtiles) character file.

Game seed: 16200844613056356268

17453 nightchill the Grappler (level 12, -4/110 HPs)
             Began as a Troll Fighter on Aug 28, 2023.
             Was an Elder of Hepliaklqana.
             Slain by a black mamba (15 damage)
             ... on level 1 of the Lair of Beasts on Aug 30, 2023.
             The game lasted 00:24:06 (10635 turns).

nightchill the Grappler (Troll Fighter)            Turns: 10635, Time: 00:24:06

Health: -4/110     AC:  7    Str: 31    XL:     12   Next: 19%
Magic:  15/17      EV:  9    Int:  7    God:    Hepliaklqana [****..]
Gold:   759        SH:  7    Dex:  9    Spells: 11/11 levels left

rFire   . .          .
                       - Unarmed
rCold   + + .        b - +0 kite shield
rNeg    . . .        J - +1 robe "Wadghezo" {Regen+ Int+3}
rPois   .            (helmet restricted)
rElec   .            F - +1 cloak
rCorr   .            (gloves unavailable)
SInv    .            (boots unavailable)
Will    .....        (no amulet)
Stlth   +            q - ring of protection from cold
HPRegen 1.98/turn    T - ring of protection from cold
MPRegen 0.15/turn

%: no passive effects
@: lethally poisoned (-4 -> -5)
A: reduced essence, large, unfitting armour, claws 3, regeneration 1, shaggy fur
1, tough skin 1
a: Renounce Religion, Recall Ancestor, Ancestor Identity, Transference, Idealise


You were on level 1 of the Lair of Beasts.
You worshipped Hepliaklqana.
Hepliaklqana was greatly pleased with you.
You visited 3 branches of the dungeon, and saw 13 of its levels.
You also visited: Bailey.

You collected 759 gold pieces.

Inventory:

Hand Weapons
 m - a +1 dagger of venom
Missiles
 I - a throwing net (quivered)
 U - 11 large rocks
Armour
 a - a +0 robe
 b - a +0 kite shield (worn)
 F - a +1 cloak (worn)
 J - the +1 robe "Wadghezo" (worn) {Regen+ Int+3}
   (You found it in a bailey)

   Int:       It affects your intelligence (+3).
   Regen:     It increases your rate of health regeneration.
 X - +0 steam dragon scales
Jewellery
 f - a +6 ring of intelligence
 j - a ring of protection from cold
 q - a ring of protection from cold (left claw)
 y - a +6 ring of intelligence
 S - a ring of magical power
 T - a ring of protection from cold (right claw)
Wands
 x - a wand of flame (19)
 C - a wand of light (12)
 M - a wand of digging (4)
 P - a wand of polymorph (2)
 Q - a wand of charming (5)
 V - a wand of iceblast (5)
Scrolls
 h - 7 scrolls of teleportation {unknown}
 i - 2 scrolls of poison {unknown}
 k - 2 scrolls of brand weapon {unknown}
 n - 3 scrolls of fear {unknown}
 p - 10 scrolls of identify {unknown}
 s - 2 scrolls of amnesia {unknown}
 u - 4 scrolls of magic mapping {unknown}
 v - 2 scrolls of vulnerability {unknown}
 w - a scroll of silence {unknown}
 z - 4 scrolls of blinking {unknown}
 D - 3 scrolls of noise {unknown}
 L - a scroll of immolation {unknown}
 W - a scroll of enchant armour {unknown}
Potions
 c - a potion of haste {unknown}
 d - 5 potions of curing {unknown}
 e - 4 potions of flight {unknown}
 g - 2 potions of lignification {unknown}
 l - 2 potions of resistance {unknown}
 o - 2 potions of mutation {unknown}
 t - 3 potions of attraction {unknown}
 A - a potion of magic {unknown}
 B - a potion of brilliance {unknown}
 E - a potion of degeneration {unknown}
 G - 2 potions of ambrosia {unknown}
 H - a potion of cancellation {unknown}
 K - a potion of berserk rage {unknown}
 R - a potion of might
Miscellaneous
 N - a lightning rod (4/4)
 O - a phantom mirror


   Skills:
 + Level 9.1 Fighting
 - Level 2.4 Dodging
 + Level 3.0 Shields
 * Level 14.6 Unarmed Combat
 + Level 8.6 Invocations


You had 11 spell levels left.
You didn't know any spells.
Your spell library contained the following spells:

 Spells                   Type           Power      Damage    Failure   Level
 Beastly Appendage        Tmut           0%         N/A       65%         1
 Freeze                   Ice            0%         1d3       65%         1
 Cigotuvi's Dreadful Rot  Necr/Pois/Air  0%         N/A       78%         2
 Scorch                   Fire           0%         2d5       78%         2
 Wereblood                Tmut           0%         N/A       78%         2
 Frozen Ramparts          Ice            0%         1d1       95%         3
 Hailstorm                Conj/Ice       0%         3d3       95%         3
 Ignite Poison            Fire/Tmut/Pois 0%         N/A       95%         3
 Spider Form              Tmut/Pois      0%         N/A       95%         3
 Tukima's Dance           Hex            0%         N/A       95%         3
 Animate Armour           Summ/Erth      0%         N/A       100%        4
 Flame Wave               Conj/Fire      0%         2d4       100%        4
 Passage of Golubria      Tloc           0%         N/A       100%        4
 Blade Hands              Tmut           0%         N/A       100%        5
 Freezing Cloud           Conj/Ice/Air   0%         6-21      100%        5
 Yara's Violent Unravell  Hex/Tmut       0%         3d3       100%        5
 Iron Shot                Conj/Erth      0%         9d1       100%        6
 Summon Cactus Giant      Summ           0%         N/A       100%        6


Dungeon Overview and Level Annotations

Branches:
Dungeon (10/15)            Temple (1/1) D:7            Lair (2/5) D:10
 Bailey (visited)
  Swamp: Lair:2-3    Shoals: Lair:2-3     Snake: Lair:2-3    Spider: Lair:2-3
    Orc: D:9-12

Altars:
Ashenzari
Cheibriados
Dithmenos
Elyvilon
Fedhas
Gozag
Hepliaklqana
Kikubaaqudgha
Makhleb
Nemelex Xobeh
Okawaru
Qazlal
Ru
Sif Muna
Trog
Uskayaw
Vehumet
Wu Jian
Xom
Yredelemnul
Zin
The Shining One

Shops:
D:8 [*:(

Annotations:
D:3 2 transporters, exclusion: downstairs, Totes's ghost, weakling TrFi
D:9 exclusion: electric eel
Lair:1 exclusion: downstairs


Innate Abilities, Weirdness & Mutations

Your life essence is reduced to manifest your ancestor. (-10% HP)
You are too large for most types of armour.
You have claws for hands.
Your natural rate of healing is unusually fast.
You are covered in fur. (AC +1)
You have tough skin. (AC +1)


Message History

The four-headed hydra bites you but does no damage.
The four-headed hydra bites you!
* * * LOW HITPOINT WARNING * * *
The four-headed hydra bites you but does no damage.
You mangle the black mamba!!
The black mamba is heavily wounded.
You block the black mamba's attack. The four-headed hydra bites you!
* * * LOW HITPOINT WARNING * * *
The four-headed hydra bites you but does no damage.
You block the four-headed hydra's attack.
The four-headed hydra bites you but does no damage.
You block the black mamba's attack.
Jimmeh hits the four-headed hydra with a +0 flail!
You scratch the black mamba.
The black mamba is heavily wounded.
The black mamba bites you.
* * * LOW HITPOINT WARNING * * *
The four-headed hydra barely misses you.
The four-headed hydra bites you!
* * * LOW HITPOINT WARNING * * *
You block the four-headed hydra's attack.
The four-headed hydra bites you but does no damage.
You miss the black mamba.
The black mamba is heavily wounded.
The black mamba bites you!
* * * LOW HITPOINT WARNING * * *
You are poisoned.
The black mamba poisons you!
Jimmeh hits the four-headed hydra with a +0 flail.
You closely miss the black mamba.
The black mamba is heavily wounded.
You feel very sick. You block the black mamba's attack.
The four-headed hydra bites you but does no damage.
The four-headed hydra bites you.
* * * LOW HITPOINT WARNING * * *
The four-headed hydra closely misses you.
You block the four-headed hydra's attack.
The black mamba bites you!
You die...

..## ######.# ###
#..# #..## #...###
#.....## #P###..#
### #R## #D#
######## #@#
.......## #S#
........# #.##
..####.[# #..# .##
#...# #..# .#
##..########.## (#
#....##.##..# .##
#...........#
..####.#.####.#..#


You could see the friendly Jimmeh the knight, a four-headed hydra and a black
mamba (ally target).

Vanquished Creatures
  A vault guard (Bailey)
  3 death yaks (D:9)
  A two-headed ogre (D:8)
  A tengu warrior (D:8)
  A deep elf pyromancer (D:8)
  A cyclops (D:8)
  2 black mambas (Lair:1)
  Psyche (D:9)
  A meliai (shapeshifter) (D:8)
  Prince Ribbit (Bailey)
  A slime creature (D:8)
  A wyvern (D:8)
  A wraith (D:5)
  4 humans (Bailey)
  23 yaks
  A basilisk (Lair:1)
  4 vampire mosquitoes
  2 steam dragons
  6 water moccasins
  An ice beast (D:5)
  2 orc warriors
  A black bear (D:5)
  An ogre (D:5)
  3 centaurs
  A phantom (D:7)
  3 kobold brigands
  9 bullfrogs
  A gnoll sergeant (D:9)
  2 scorpions (D:4)
  9 wights
  4 electric eels
  3 killer bees (D:9)
  2 howler monkeys (D:9)
  4 hounds
  6 orc priests
  5 iguanas
  A jelly (D:4)
  A gnoll bouda (D:6)
  6 orc wizards
  9 gnolls
  6 adders
  A shadow imp (D:6)
  A white imp (D:6)
  3 ufetubi
  2 dart slugs
  25 orcs
  14 ball pythons
  6 bats
  7 endoplasms
  3 giant cockroaches
  9 hobgoblins
  9 jackals
  17 kobolds
  4 quokkas
  5 frilled lizards
  15 goblins
  8 rats
265 creatures vanquished.

Vanquished Creatures (collateral kills)
  A vault guard (Bailey)
  Erica (D:9)
  A cyclops (D:8)
  A komodo dragon (Lair:1)
  A human (Bailey)
  2 yaks (D:9)
  A water moccasin (Lair:1)
  A scorpion (D:7)
  A bullfrog (Bailey)
  A wight (D:7)
  A howler monkey (D:9)
  An electric eel (D:9)
  An orc priest (D:6)
  An iguana (D:7)
  2 orc wizards (D:8)
  6 orcs
  A goblin (Bailey)
  4 kobolds
28 creatures vanquished.

Vanquished Creatures (others)
  An ancestor (D:6)
  6 fungi
  21 plants
28 creatures vanquished.

Grand Total: 321 creatures vanquished

Notes
Turn   | Place    | Note
-------+----------+-------------------------------------------
     0 | D:1      | nightchill the Troll Fighter began the quest for the Orb.
     0 | D:1      | Reached XP level 1. HP: 22/22 MP: 0/0
   114 | D:1      | Reached XP level 2. HP: 29/29 MP: 1/1
   174 | D:1      | Found a faded altar of an unknown god.
   287 | D:1      | Reached skill level 3 in Unarmed Combat
   313 | D:1      | Reached XP level 3. HP: 36/36 MP: 2/2
   613 | D:2      | Reached XP level 4. HP: 45/45 MP: 3/3
   996 | D:2      | Reached skill level 4 in Unarmed Combat
  1295 | D:3      | Identified the +8 halberd "Suly" {venom, +Blink rPois rC-
                  | rN+}
  1605 | D:3      | Found a transporter.
  1605 | D:3      | Found a transporter.
  1616 | D:3      | Noticed Totes's ghost (weakling TrFi)
  1885 | D:4      | Noticed a scorpion
  1890 | D:4      | Killed a scorpion
  1891 | D:4      | Reached XP level 5. HP: 49/53 MP: 4/4
  2135 | D:4      | Reached skill level 5 in Unarmed Combat
  2144 | D:4      | Reached XP level 6. HP: 15/62 MP: 5/5
  2382 | D:4      | Reached skill level 6 in Unarmed Combat
  2590 | D:4      | Noticed an orc warrior
  2601 | D:4      | Killed an orc warrior
  2602 | D:4      | Found a hazy altar of Hepliaklqana.
  2606 | D:4      | Found a faded altar of an unknown god.
  2621 | D:4      | Became a worshipper of Hepliaklqana the Forgotten
  2680 | D:4      | Reached XP level 7. HP: 70/70 MP: 6/6
  2750 | D:5      | Entered Level 5 of the Dungeon
  2781 | D:5      | Found a shadowy altar of Dithmenos.
  2966 | D:5      | Found a snail-covered altar of Cheibriados.
  2978 | D:5      | Reached skill level 1 in Invocations
  3155 | D:5      | Reached skill level 7 in Unarmed Combat
  3209 | D:5      | Found a broken altar of Ashenzari.
  3213 | D:5      | Saw a vision of the Shoals and the Spider Nest.
  3213 | D:5      | Noticed a merfolk
  3213 | D:5      | Noticed a skyshark
  3213 | D:5      | Noticed a snapping turtle
  3213 | D:5      | Noticed a snapping turtle
  3213 | D:5      | Noticed a merfolk
  3213 | D:5      | Noticed a sea snake
  3213 | D:5      | Noticed a merfolk avatar
  3213 | D:5      | Noticed a merfolk siren
  3213 | D:5      | Noticed a merfolk
  3213 | D:5      | Noticed a steelbarb worm
  3213 | D:5      | Noticed an emperor scorpion
  3213 | D:5      | Noticed a demonic crawler
  3213 | D:5      | Noticed a culicivora
  3214 | D:5      | Noticed a tarantella
  3214 | D:5      | Noticed an emperor scorpion
  3214 | D:5      | Noticed a merfolk
  3214 | D:5      | Noticed a redback
  3215 | D:5      | Noticed a culicivora
  3215 | D:5      | Noticed an orb spider
  3433 | D:5      | Noticed a wraith
  3440 | D:5      | Killed a wraith
  3441 | D:5      | Reached XP level 8. HP: 58/79 MP: 8/8
  3473 | D:5      | Reached * piety under Hepliaklqana
  3597 | D:5      | Reached skill level 5 in Fighting
  3753 | D:6      | Reached skill level 8 in Unarmed Combat
  4398 | D:6      | Reached ** piety under Hepliaklqana
  4399 | D:6      | Remembered your ancestor Jimmeh as a knight
  4503 | D:6      | Reached skill level 9 in Unarmed Combat
  4807 | D:7      | Reached XP level 9. HP: 50/80 MP: 10/10
  4849 | D:7      | Found a flagged portal.
  4872 | D:7      | Identified the +8 hand axe "Dung" {heavy, rN+ Int+6}
  4875 | Bailey   | Entered a bailey
  4905 | Bailey   | Reached skill level 10 in Unarmed Combat
  5088 | Bailey   | Reached skill level 5 in Invocations
  5118 | Bailey   | Noticed Prince Ribbit
  5118 | Bailey   | Noticed a vault guard
  5126 | Bailey   | Killed a vault guard
  5129 | Bailey   | Killed Prince Ribbit
  5130 | Bailey   | Reached XP level 10. HP: 53/90 MP: 11/13
  5146 | Bailey   | Identified the +1 robe "Wadghezo" {Regen+ Int+3}
  5176 | Bailey   | Noticed a vault guard
  5185 | Bailey   | Killed a vault guard
  5186 | Bailey   | Reached skill level 11 in Unarmed Combat
  5407 | D:7      | Found a staircase to the Ecumenical Temple.
  5667 | D:8      | Found Buafo's Armour Emporium.
  5667 | D:8      | Found Zuumn's General Store.
  5667 | D:8      | Found Caxiwois's Antique Weapon Emporium.
  5731 | Temple   | Entered the Ecumenical Temple
  5814 | D:8      | Found a white marble altar of Elyvilon.
  6004 | D:8      | Found Doemunu's Book Shop.
  6068 | D:8      | Noticed a two-headed ogre
  6072 | D:8      | Killed a two-headed ogre
  6091 | D:8      | Reached skill level 12 in Unarmed Combat
  6351 | D:8      | Noticed a cyclops
  6367 | D:8      | Killed a cyclops
  6403 | D:8      | Noticed a deep elf pyromancer
  6411 | D:8      | Killed a deep elf pyromancer
  6706 | D:8      | Noticed a tengu warrior
  6719 | D:8      | Killed a tengu warrior
  6720 | D:8      | Reached XP level 11. HP: 36/99 MP: 15/15
  7511 | D:9      | Reached *** piety under Hepliaklqana
  7606 | D:9      | Noticed Psyche
  7619 | D:9      | Killed Psyche
  7668 | D:9      | Found a glowing silver altar of Zin.
  7949 | D:9      | Reached skill level 13 in Unarmed Combat
  7981 | D:9      | Found a sparkling altar of Nemelex Xobeh.
  8221 | D:9      | Noticed Erica
  8236 | D:9      | Killed Erica
  8456 | D:9      | Found a glowing golden altar of the Shining One.
  8549 | D:10     | Entered Level 10 of the Dungeon
  8568 | D:10     | Noticed a death yak
  8568 | D:10     | Noticed a death yak
  8585 | D:10     | Noticed a death yak
  8595 | D:9      | Killed a death yak
  8627 | D:9      | Killed a death yak
  8638 | D:9      | Killed a death yak
  8693 | D:9      | Reached skill level 14 in Unarmed Combat
  8763 | D:10     | Found a basalt altar of Yredelemnul.
  8914 | D:10     | Found a staircase to the Lair.
  9019 | D:10     | Reached **** piety under Hepliaklqana
  9500 | Lair:1   | Entered Level 1 of the Lair of Beasts
  9542 | Lair:1   | Reached XP level 12. HP: 85/109 MP: 17/17
 10621 | Lair:2   | Noticed a four-headed hydra
 10635 | Lair:1   | Slain by a black mamba

Illustrated notes

Levels and vault maps discovered:
D:1:      spicycebolla_arrival_xxxplode, layout_rooms,
          hellmonk_ecumenical_altar_zigzags
D:2:      layout_basic
D:3:      layout_basic, gammafunk_ghost_gnarly_gnolls, roderic_lattice_a
D:4:      cheibrodos_greedy_goblins, layout_loops_ring,
          beargit_hepliaklqana_dungeon_heroes, serial_glass, glass_columns_a,
          glass_columns_b, glass_columns_c, glass_columns_a, glass_columns_a,
          glass_columns_b, hangedman_abyss_or_decor_passed, moated_statue
D:5:      layout_basic, mainiacjoe_overflow_small_starburst,
          grunt_ashenzari_visionary [grunt_ashenzari_visionary_shoals,
          grunt_ashenzari_visionary_spider], nicolae_dithmenos_shadow_blocks
D:6:      layout_gridville
D:7:      layout_basic, enter_bailey_2, minmay_fountain_box
D:8:      minmay_tri_box, layout_basic, mainiacjoe_overflow_boulevard,
          serial_aquarium, aquarium_bridge_square [aquarium_subvault_bridge,
          aquarium_subvault_wall, aquarium_subvault_window,
          aquarium_subvault_wall], aquarium_bridge_square
          [aquarium_subvault_wall, aquarium_subvault_window,
          aquarium_subvault_bridge, aquarium_subvault_wall], aquarium_window_2,
          aquarium_window_3, aquarium_view_2e, aquarium_pool_side, serial_shops,
          shop, fungi_pond_lemuel, minivault_26,
          nicolae_shop_distant_corner_stores
D:9:      layout_loops_corners, zin_statuary, kennysheep_mini,
          lemuel_round_altar, serial_bayou, serial_bayou_shore_a,
          serial_bayou_lagoon_b, serial_bayou_shore_b, serial_bayou_pond_d,
          uniq_psyche, uniq_erica
D:10:     layout_irregular_city, lemuel_coloured_pillars_altar,
          dpeg_lair_monsters
Temple:   cyrus_circular_temple
Lair:1:   layout_loops_ring, chequers_serial_rivers_micro_d, grunt_megastairs_3
Lair:2:   layout_chaotic_city, spider_nest_entry_web_field,
          portal_ice_cave_entry_pillars_1, wad_woods_03

Skill      XL: |  1  2  3  4  5  6  7  8  9 10 11 12 |
---------------+-------------------------------------+-----
Unarmed Combat | 3 4 5 6 7 9 10 12 14 | 14.6
Fighting       | 3 4 5 6 7 8 9 |  9.1
Invocations    | 2 3 5 7 8 |  8.6
Shields        | 3 |  3.0
Dodging        | |  2.4

Action                     |  1- 3 |  4- 6 |  7- 9 | 10-12 || total
---------------------------+-------+-------+-------+-------++-------
  Melee: Unarmed           |   107 |   178 |   227 |   301 ||   813
 Invoke: Recall Ancestor   |       |       |     1 |     1 ||     2
         Ancestor Life: Kn |       |       |     1 |       ||     1
         Ancestor Identity |       |       |     1 |       ||     1
    Use: Potion            |       |     1 |     1 |       ||     2
         Scroll            |       |       |       |     1 ||     1
   Stab: Distracted        |       |       |       |     1 ||     1
 Armour: Robe              |    25 |    57 |    52 |    62 ||   196
  Dodge: Dodged            |    47 |    61 |    84 |    83 ||   275
  Block: Kite shield       |    41 |    74 |    91 |    94 ||   300
